 Dungeon Crawl Stone Soup version 0.18.1-50-g88ac8fd (webtiles) character file.

73 snus the Firebug (level 4, -3/24 HPs)
             Began as a Deep Elf Fire Elementalist on Oct 20, 2016.
             Slain by Crazy Yiuf
             ... wielding a +4 quarterstaff of chaos
              (18 damage)
             ... on level 2 of the Dungeon.
             The game lasted 00:07:16 (2029 turns).

snus the Firebug (Deep Elf Fire Elementalist)       Turns: 2029, Time: 00:07:17

Health: -3/24      AC:  2    Str:  5    XL:     4   Next: 8%
Magic:  7/11       EV: 13    Int: 21    God:
Gold:   70         SH:  0    Dex: 15    Spells: 1 memorised, 9 levels left

rFire  . . .     SeeInvis .     (no weapon)
rCold  . . .     Gourm    .     a - +0 robe
rNeg   . . .     Faith    .     (no shield)
rPois  .         Spirit   .     (no helmet)
rElec  .         Dismiss  .     (no cloak)
rCorr  .         Reflect  .     (no gloves)
SustAt .         Harm     .     (no boots)
MR     .....                    (no amulet)
Stlth  ++........               (no ring)
                                l - ring of wizardry

@: lethally poisoned (-3 -> -15), not resistant to hostile enchantments,
unstealthy
A: no striking features
a: no special abilities


You were on level 2 of the Dungeon.
You were not hungry.

You visited 1 branch of the dungeon, and saw 4 of its levels.

You collected 70 gold pieces.

Inventory:

Hand Weapons
 f - the +9 war axe of Woe {speed, rElec Str+4 Dex+7, unknown}
   (You found it on level 4 of the Dungeon)

   Attacks with this weapon are significantly faster.
   It affects your strength (+4).
   It affects your dexterity (+7).
   It insulates you from electricity.
 h - a +0 dagger of speed
Armour
 a - a +0 robe (worn)
 g - a +0 helmet
Jewellery
 l - a ring of wizardry (left hand)
Scrolls
 e - 3 scrolls of amnesia {unknown}
 i - a scroll of magic mapping {unknown}
 j - a scroll of identify {unknown}
 k - a scroll of blinking {unknown}
 n - a scroll of recharging {unknown}
Potions
 m - a potion of lignification {unknown}
Books
 b - a book of Flames

   Spells                             Type                      Level
   a - Flame Tongue                   Conjuration/Fire             1
   b - Throw Flame                    Conjuration/Fire             2
   c - Conjure Flame                  Conjuration/Fire             3
   d - Inner Flame                    Hexes/Fire                   3
   e - Sticky Flame                   Conjuration/Fire             4
   f - Fireball                       Conjuration/Fire             5
Comestibles
 c - a bread ration


   Skills:
 - Level 2.4 Dodging
 - Level 2.4 Stealth
 + Level 3.5 Spellcasting
 + Level 2.3 Conjurations
 * Level 4.6 Fire Magic


You had 9 spell levels left.
You knew the following spells:

 Your Spells              Type           Power        Failure   Level  Hunger
a - Flame Tongue          Conj/Fire      ###..        1%          1    None


Dungeon Overview and Level Annotations

Branches:
Dungeon (4/15)
 Temple: D:4-7

Altars:
The Shining One

Annotations:
D:2 Crazy Yiuf
D:4 Sigmund; humperndinck's ghost, amateur DrCj


Message History

You are poisoned.
Casting: Flame Tongue
Confirm with . or Enter, or press ? or * to list all spells.
Aiming: Flame Tongue
Press: ? - help, Shift-Dir - straight line, f/p - Crazy Yiuf
Aim: Crazy Yiuf, wielding a quarterstaff of chaos and wearing a cloak (severely wounded)
The flame tongue hits Crazy Yiuf.
Crazy Yiuf is almost dead.
You feel sick. Crazy Yiuf barely misses you.
Casting: Flame Tongue
Confirm with . or Enter, or press ? or * to list all spells.
Aiming: Flame Tongue
Press: ? - help, Shift-Dir - straight line, f/p - Crazy Yiuf
Aim: Crazy Yiuf, wielding a quarterstaff of chaos and wearing a cloak (almost dead)
The flame tongue hits Crazy Yiuf.
Crazy Yiuf is almost dead.
You feel sick.
Crazy Yiuf hits you with a quarterstaff of chaos!!
Ouch! That really hurt!
You die...

#....####.#
##..## #.#
#P.P# #.#
#)PP# #.#
##.## #.#
#)## #.# ##.#
#.# #.## #.#
##@# #.# #g#
#.# #######
.).
#.########
#.....# #).)#
#........#
#.....# #..)#
##.......#
#.....# #####
#.......#
#.....#
#.......#
#.....##
##.......###
#......#
##..##..###..


You could see Crazy Yiuf.

Vanquished Creatures
  3 adders (D:2)
  An orc (D:1)
  5 giant cockroaches
  7 goblins (D:1)
  8 hobgoblins
  2 jackals (D:2)
  3 kobolds
  A ball python (D:2)
  2 bats (D:1)
  2 giant newts (D:1)
  11 rats
  A fungus (D:2)
46 creatures vanquished.

Notes
Turn   | Place    | Note
--------------------------------------------------------------
     0 | D:1      | snus the Deep Elf Fire Elementalist began the quest for the Orb.
     0 | D:1      | Reached XP level 1. HP: 10/10 MP: 6/6
   205 | D:1      | Reached XP level 2. HP: 9/15 MP: 0/8
   603 | D:1      | Reached skill level 4 in Fire Magic
   854 | D:1      | Reached XP level 3. HP: 19/19 MP: 5/9
  1215 | D:2      | You fall through a shaft for 2 floors!
  1215 | D:4      | Noticed humperndinck's ghost (amateur DrCj)
  1228 | D:4      | Noticed Sigmund
  1277 | D:4      | Got a warped war axe
  1295 | D:4      | Found a glowing golden altar of the Shining One.
  1481 | D:3      | Reached XP level 4. HP: 24/24 MP: 6/11
  2023 | D:2      | Noticed Crazy Yiuf
  2029 | D:2      | Slain by Crazy Yiuf

Skill      XL: |  1  2  3 |
---------------+----------+-----
Fire Magic     | 4 |  4.6
Conjurations   | 2 |  2.3
Dodging        | |  2.4
Stealth        | |  2.4
Spellcasting   | |  3.5

Action                   |  1- 3 |  4- 6 || total
-------------------------+-------+-------++-------
 Cast: Flame Tongue      |    67 |    17 ||    84
  Use: Potion            |     1 |       ||     1
  Eat: Pizza             |     1 |       ||     1
       Chunk             |     1 |       ||     1
       Bread ration      |       |     1 ||     1
Armor: Robe              |     2 |       ||     2
Dodge: Dodged            |    16 |     1 ||    17
